 Dungeon Crawl Stone Soup version 0.26-a0-412-ga3d1f51b80 (webtiles) character file.

Game seed: 4234536850908043567

109 KristoblXynda the Ducker (level 4, -2/39 HPs)
             Began as a Troll Hedge Wizard on July 24, 2020.
             Slain by an orc
             ... wielding a +0 trident
              (8 damage)
             ... on level 2 of the Dungeon.
             The game lasted 00:02:06 (1193 turns).

KristoblXynda the Ducker (Troll Hedge Wizard)       Turns: 1193, Time: 00:02:07

Health: -2/39      AC:  6    Str: 18    XL:     4   Next: 59%
Magic:  6/6        EV: 10    Int: 11    God:
Gold:   93         SH:  0    Dex:  9    Spells: 6/7 levels left

rFire    . . .     SeeInvis +     - Unarmed
rCold    . . .     Faith    .   (no shield)
rNeg     . . .     Spirit   .   b - +0 robe
rPois    .         Reflect  .   c - +0 hat
rElec    .         Harm     .   (no cloak)
rCorr    .                      (gloves unavailable)
MR       .....                  (boots unavailable)
Stlth    +.........             (no amulet)
HPRegen  0.53/turn              l - ring of see invisible
MPRegen  0.10/turn              (no ring)

@: no status effects
A: large, unfitting armour, claws 3, regeneration 1, shaggy fur 1, tough skin 3
a: no special abilities


You were on level 2 of the Dungeon.
You visited 1 branch of the dungeon, and saw 3 of its levels.

You collected 93 gold pieces.

Inventory:

Armour
 b - a +0 robe (worn)
 c - a +0 hat (worn)
Jewellery
 l - a ring of see invisible (left claw)
Scrolls
 e - a scroll of teleportation {unknown}
 f - a scroll of enchant weapon {unknown}
 g - 5 scrolls of identify {unknown}
 h - a scroll of amnesia {unknown}
 i - a scroll of blinking {unknown}
Potions
 a - 2 potions of haste {unknown}
 d - 2 potions of stabbing {unknown}
 j - a potion of lignification {unknown}
 k - 2 potions of heal wounds {unknown}


   Skills:
 + Level 2.6 Dodging
 - Level 1.0 Stealth
 + Level 2.3 Unarmed Combat
 - Level 2.0 Spellcasting
 + Level 1.9 Conjurations
   Level 0.6 Summonings
   Level 0.6 Translocations


You had 6 spell levels left.
You knew the following spells:

 Your Spells              Type           Power        Failure   Level
a - Magic Dart            Conj           #...         13%         1

Your spell library contained the following spells:

 Spells                   Type           Power        Failure   Level
 Blink                    Tloc           N/A          34%         2
 Call Imp                 Summ           #.......     34%         2
 Slow                     Hex            #.......     41%         2
 Conjure Flame            Conj/Fire      #.......     52%         3
 Mephitic Cloud           Conj/Pois/Air  #.......     56%         3


Dungeon Overview and Level Annotations

Branches:
Dungeon (3/15)

Altars:
Uskayaw


Innate Abilities, Weirdness & Mutations

You are too large for most types of armour.
You have claws for hands.
Your natural rate of healing is unusually fast.
You are covered in fur. (AC +1)
You have extremely tough skin. (AC +3)


Message History

The orc priest is almost dead.
The orc hits you with a +0 hand axe. The orc hits you with a +0 trident.
The orc priest calls down the wrath of Beogh upon you.
Pain shoots through your body!
There is a stone staircase leading down here.
You scratch the orc priest.
You kill the orc priest!
The orc hits you but does no damage. The orc hits you with a +0 trident!
There is a stone staircase leading down, spattered with blood here.
You barely miss the orc. The orc closely misses you.
The orc hits you with a +0 trident.
* * * LOW HITPOINT WARNING * * *
There is a stone staircase leading down, spattered with blood here.
You closely miss the orc. The orc hits you but does no damage.
The orc hits you with a +0 trident.
* * * LOW HITPOINT WARNING * * *
There is a stone staircase leading down, spattered with blood here.
You barely miss the orc. The orc barely misses you.
The orc hits you with a +0 trident!
You die...

##...............
#..#####.........
#####.## #......###
#.....######...##.#
######.......#.##.#
########.#....##.##.#
#....##..<.####..##.#
#...)##..### #..##.#
#.....@o.######...#.###
#....).o..............#
#....#####............#
#....# ##..#####.....
#....# #.## #.####
###### ####.# #.# #
##########....# #.##
##..........#### #..#
##............## ##.#


You could see 2 orcs.

Vanquished Creatures
  An orc priest (D:2)
  A gnoll (D:1)
  2 adders (D:2)
  An ooze (D:1)
  2 giant cockroaches
  9 goblins
  6 hobgoblins
  6 jackals
  2 bats
  4 frilled lizards
  5 kobolds
  9 rats
48 creatures vanquished.

Notes
Turn   | Place    | Note
-------+----------+-------------------------------------------
     0 | D:1      | KristoblXynda the Troll Hedge Wizard began the quest for
                  | the Orb.
     0 | D:1      | Reached XP level 1. HP: 16/16 MP: 2/2
   131 | D:1      | Reached skill level 1 in Unarmed Combat
   131 | D:1      | Reached skill level 1 in Conjurations
   131 | D:1      | Reached XP level 2. HP: 5/24 MP: 4/4
   350 | D:1      | Reached XP level 3. HP: 30/31 MP: 5/5
   719 | D:2      | Found a hide-covered altar of Uskayaw.
   980 | D:2      | Reached XP level 4. HP: 37/39 MP: 6/6
  1193 | D:2      | Slain by an orc

Illustrated notes

Levels and vault maps discovered:
D:1:      minmay_arrival_three_doors, layout_loops_ring
D:2:      layout_rooms, eat_drink_and_be_merry_uskayaw
D:3:      layout_rooms, lemuel_crystal_altar, nicolae_overflow_hidden_temple,
          st_stairs_6, uniq_ijyb, uniq_crazy_yiuf_cottage, uniq_jessica

Skill      XL: |  1  2  3 |
---------------+----------+-----
Dodging        | 2 |  2.6
Unarmed Combat | 1 2 |  2.3
Conjurations   | 1 |  1.9
Stealth        | |  1.0
Spellcasting   | |  2.0
Summonings     | |  0.6
Translocations | |  0.6

Action                   |  1- 3 |  4- 6 || total
-------------------------+-------+-------++-------
Melee: Unarmed           |   123 |    15 ||   138
       Punch             |     2 |       ||     2
 Stab: Sleeping          |     1 |       ||     1
Armor: Robe              |    36 |     6 ||    42
Dodge: Dodged            |    69 |     8 ||    77

Table legend: (Time is in decaauts)
 A = Elapsed time spent in this place.
 B = Non-inter-level travel time spent in this place.
 C = Inter-level travel time spent in this place.
 D = Time resting spent in this place.
 E = Time spent auto-exploring this place.
 F = Levels seen in this place.
 G = Mean time per level.
                   A        B        C        D        E       F      G
               +--------+--------+--------+--------+--------+-----+--------+
         Total |   1189 |   1156 |     33 |     37 |    739 |   3 |  396.3 |
       Dungeon |   1189 |   1156 |     33 |     37 |    739 |   3 |  396.3 |
               +--------+--------+--------+--------+--------+-----+--------+

Top non-repeatable levels by time:
     D:1: 717 daAuts
     D:2: 469 daAuts
     D:3: 1 daAuts
